Map: Solaris LE

Players

Subwayeatn - Winner!

  • Race: Zerg Zerg
  • League: Platinum
  • Spawn Location: 1:00

TOSSitUp

  • Race: Protoss Protoss
  • League: Platinum
  • Spawn Location: 7:00

VOD

Have the link to the VOD?

Description

Time

  • Played on: Nov. 4, 2023, 6:47 p.m.
  • Length: 29:19
Show
View Real Time Build Order
Export as new Build Order

Subwayeatn Zerg - Winner!

Build Orders: Pool First 

Get SALT Encoding   

  12  0:00  Drone  
  13  0:10  Drone  
  14  0:14  Extractor  
  13  0:29  Spawning Pool  
  12  1:04  Hatchery  
  11  1:19  Queen  
  13  1:30  Zergling x2  
  14  1:34  Overlord  
  14  1:44  Metabolic Boost  
  14  2:19  Zergling x2  
  14  2:20  Zergling x4  
  17  2:27  Zergling x2  
  18  2:32  Zergling x2  
  18  2:33  Zergling x4  
  21  2:57  Hatchery  
  20  3:06  Overlord  
  20  3:19  Drone  
  22  3:20  Drone  
  22  3:26  Drone x3  
  24  3:39  Drone x3  
  27  3:46  Overlord  
  27  3:53  Overlord  
  27  4:08  Drone  
  27  4:09  Queen  
  30  4:18  Drone x3  
  33  4:29  Baneling Nest  
  32  4:36  Drone x4  
  36  4:52  Extractor  
  35  5:03  Overlord  
  35  5:12  Evolution Chamber  
  35  5:13  Evolution Chamber  
  33  5:19  Drone  
  33  5:32  Drone x10  
  43  5:39  Lair  
  43  5:46  Overlord  
  43  5:50  Zergling x2  
  43  5:52  Zergling x2  
  43  5:56  Zerg Melee Weapons Level 1  
  45  6:07  Spine Crawler  
  45  6:08  Spine Crawler  
  43  6:13  Zerg Ground Armor Level 1  
  43  6:15  Drone x3  
  43  6:17  Drone  
  47  6:31  Overlord  
  47  6:37  Overseer  
  47  6:38  Overseer  
  47  6:41  Overseer  
  47  6:47  Drone x7  
  47  6:48  Drone x4  
  58  6:58  Drone x2  
  58  7:00  Hydralisk Den  
  58  7:01  Extractor  
  58  7:02  Extractor  
  57  7:12  Hatchery  
  54  7:25  Overseer  
  54  7:30  Grooved Spines  
  54  7:32  Overlord x2  
  54  7:33  Overlord  
  54  7:50  Zerg Missile Weapons Level 1  
  54  7:57  Overlord x2  
  54  7:58  Hydralisk  
  54  7:59  Hydralisk x2  
  59  8:13  Overlord  
  56  8:26  Hydralisk, Spore Crawler  
  55  8:27  Hydralisk x3  
  63  8:38  Hydralisk  
  63  8:39  Hydralisk x2  
  66  8:50  Muscular Augments  
  66  8:57  Hydralisk x2  
  66  8:58  Hatchery  
  69  9:07  Hydralisk x2  
  73  9:11  Queen  
  73  9:12  Queen  
  77  9:24  Hydralisk  
  77  9:25  Hydralisk x3  
  85  9:31  Extractor  
  85  9:33  Extractor  
  85  9:35  Hatchery  
  85  9:38  Zergling x8  
  83  9:39  Zergling x12  
  92  9:46  Queen  
  94  10:04  Overlord  
  94  10:07  Drone x3  
  94  10:28  Hydralisk  
  94  10:29  Hydralisk x9  
  107  11:03  Queen  
  96  11:04  Queen  
  98  11:12  Spire  
  98  11:13  Overlord  
  97  11:20  Zergling x6  
  97  11:22  Zergling x2  
  97  11:23  Zergling x4  
  103  11:33  Overlord x2  
  103  11:35  Zergling x2  
  103  11:37  Drone  
  103  11:39  Zergling x2  
  106  11:41  Zergling x2  
  106  11:42  Overlord  
  106  11:44  Overlord  
  104  12:10  Zergling x2, Spine Crawler x2  
  104  12:13  Zergling x2, Spine Crawler  
  103  12:16  Drone x13  
  116  12:24  Zerg Flyer Weapons Level 1  
  116  12:27  Zerg Missile Weapons Level 2  
  116  12:36  Overlord  
  116  12:39  Corruptor  
  118  12:58  Extractor, Corruptor  
  118  13:00  Extractor  
  118  13:06  Spine Crawler  
  118  13:07  Corruptor x2, Spine Crawler  
  118  13:10  Spore Crawler  
  118  13:11  Spore Crawler  
  118  13:13  Corruptor  
  120  13:20  Corruptor  
  122  13:29  Corruptor x2  
  126  13:38  Corruptor  
  126  13:39  Infestation Pit  
  127  13:49  Zergling x2  
  127  13:51  Zergling x2  
  127  13:55  Corruptor x2  
  129  14:01  Corruptor  
  135  14:22  Corruptor  
  135  14:23  Corruptor x3  
  141  14:29  Drone x4  
  145  14:37  Drone x4  
  146  14:58  Hive  
  146  14:59  Zerg Flyer Weapons Level 2  
  146  15:02  Corruptor x2  
  150  15:10  Zergling x12  
  156  15:24  Drone x2  
  156  15:25  Drone x7  
  165  15:29  Drone x6  
  168  15:45  Hatchery  
  168  15:46  Corruptor x2  
  168  15:49  Overlord x2  
  168  15:51  Overseer  
  168  15:55  Overseer  
  168  16:02  Overseer  
  168  16:17  Pneumatized Carapace  
  168  16:18  Corruptor x7  
  168  16:22  Overlord x2  
  168  16:25  Overlord  
  176  16:53  Viper x5  
  189  17:02  Zerg Missile Weapons Level 3  
  189  17:13  Zergling x12  
  189  17:14  Zergling x10  
  200  17:16  Greater Spire  
  189  18:21  Spine Crawler x2  
  189  18:23  Spine Crawler  
  186  18:34  Extractor, Brood Lord x2  
  185  18:35  Brood Lord x3  
  185  18:36  Brood Lord x2  
  185  18:37  Extractor  
  185  18:41  Spine Crawler  
  197  18:42  Spine Crawler  
  197  18:46  Spine Crawler  
  195  18:49  Spore Crawler  
  195  18:52  Queen  
  195  18:53  Spore Crawler  
  195  18:56  Spore Crawler, Corruptor x2  
  195  18:57  Corruptor  
  195  18:58  Hatchery  
  195  19:00  Unknown  
  132  19:56  Corruptor  
  132  19:57  Corruptor x19  
  169  20:18  Corruptor x3  
  175  20:22  Queen  
  177  20:31  Drone x3  
  177  20:33  Drone x3  
  183  21:19  Corruptor x5  
  183  21:20  Corruptor x3  
  195  21:29  Zerg Flyer Weapons Level 3  
  195  21:32  Zerg Melee Weapons Level 2, Zerg Ground Armor Level 2  
  175  21:45  Brood Lord x3  
  181  22:04  Brood Lord x2  
  181  22:05  Brood Lord  
  181  22:07  Brood Lord  
  189  22:12  Zergling x6  
  189  22:13  Zergling x2  
  191  22:23  Zergling x2  
  191  22:24  Zergling x6  
  174  23:24  Viper x2  
  174  23:26  Corruptor x6  
  192  23:34  Zergling x4  
  194  24:06  Zerg Flyer Armor Level 1  
  171  24:54  Corruptor x6  
  183  25:22  Zergling x2  
  183  25:28  Hatchery  
  175  26:02  Hatchery  
  174  26:04  Unknown  
  173  26:28  Zergling x6  
  174  26:41  Drone x9  
  178  26:55  Brood Lord  
  179  27:08  Drone x7  
  186  27:43  Spine Crawler  
  182  27:51  Brood Lord x3  
  181  28:07  Zergling x8  
  184  28:35  Hatchery  
  184  28:38  Overlord x3  
Show
View Real Time Build Order
Export as new Build Order

TOSSitUp Protoss 

Build Orders:  

Get SALT Encoding   

  12  0:01  Probe  
  13  0:14  Probe  
  14  0:27  Probe  
  15  0:34  Pylon  
  15  0:52  Gateway, Probe  
  16  0:59  Forge  
  16  1:05  Pylon  
  16  1:13  Probe  
  17  1:25  Probe  
  18  1:34  Photon Cannon  
  18  1:38  Pylon  
  18  1:41  Zealot  
  20  1:52  Photon Cannon  
  19  2:08  Zealot, Photon Cannon  
  21  2:14  Probe  
  22  2:18  Assimilator  
  22  2:26  Probe  
  23  2:35  Zealot  
  24  3:00  Nexus  
  24  3:08  Photon Cannon  
  24  3:12  Pylon  
  24  3:14  Probe  
  25  3:26  Probe  
  26  3:30  Cybernetics Core  
  26  3:34  Assimilator  
  26  3:41  Pylon  
  26  3:47  Zealot  
  28  3:58  Photon Cannon  
  28  4:07  Probe  
  29  4:14  Stalker (Chrono Boost)  
  31  4:19  Probe (Chrono Boost)  
  31  4:21  Probe (Chrono Boost)  
  33  4:27  Pylon  
  33  4:31  Probe (Chrono Boost)  
  33  4:33  Probe (Chrono Boost)  
  35  4:40  Probe (Chrono Boost)  
  35  4:41  Probe (Chrono Boost)  
  37  4:46  Probe  
  37  4:51  Stargate  
  38  4:59  Assimilator  
  38  5:00  Probe  
  38  5:03  Assimilator  
  40  5:07  Probe (Chrono Boost)  
  40  5:12  Sentry  
  40  5:13  Probe (Chrono Boost)  
  43  5:19  Probe (Chrono Boost)  
  44  5:25  Stargate, Probe (Chrono Boost)  
  45  5:38  Probe (Chrono Boost)  
  45  5:39  Probe (Chrono Boost)  
  45  5:41  Sentry  
  51  5:50  Probe x2 (Chrono Boost)  
  51  5:55  Probe x2 (Chrono Boost)  
  57  6:00  Void Ray  
  57  6:05  Probe x2  
  59  6:16  Protoss Air Weapons Level 1  
  59  6:17  Pylon  
  59  6:20  Pylon  
  59  6:27  Pylon  
  63  6:33  Void Ray  
  67  6:45  Void Ray (Chrono Boost)  
  67  6:51  Photon Cannon  
  67  6:53  Photon Cannon  
  67  7:05  Protoss Shields Level 1, Probe x2  
  69  7:13  Void Ray (Chrono Boost)  
  73  7:19  Robotics Facility  
  73  7:21  Void Ray (Chrono Boost), Pylon  
  77  7:26  Photon Cannon  
  77  7:41  Robotics Facility  
  77  8:29  Nexus  
  77  8:34  Robotics Bay  
  77  8:37  Nexus  
  76  8:54  Observer x2  
  78  9:05  Pylon  
  78  9:07  Pylon  
  78  9:11  Pylon  
  78  9:12  Pylon  
  78  9:14  Pylon x2  
  78  9:17  Fleet Beacon, Stargate, Pylon  
  78  9:19  Stargate x2, Pylon  
  78  9:20  Stargate  
  78  9:21  Pylon  
  78  9:23  Pylon  
  78  9:27  Colossus  
  84  9:39  Assimilator  
  84  9:42  Probe x3  
  84  9:44  Assimilator  
  87  9:53  Colossus (Chrono Boost)  
  87  9:54  Probe  
  94  10:05  Tempest (Chrono Boost)  
  94  10:06  Probe  
  100  10:07  Probe  
  100  10:09  Probe  
  87  10:33  Colossus (Chrono Boost)  
  87  10:39  Tempest (Chrono Boost)  
  97  10:46  Zealot  
  98  11:13  Zealot  
  100  11:19  Nexus  
  100  11:20  Pylon  
  100  11:22  Pylon  
  100  11:34  Pylon  
  100  11:37  Pylon  
  100  11:38  Colossus  
  100  11:39  Tempest, Assimilator  
  106  11:40  Zealot  
  106  11:45  Assimilator  
  113  11:51  Photon Cannon  
  113  11:58  Tempest  
  118  12:10  Photon Cannon  
  118  12:12  Photon Cannon  
  118  12:17  Probe x2  
  120  12:29  Probe x2  
  122  12:36  Twilight Council  
  122  12:41  Extended Thermal Lance (Chrono Boost), Probe x2  
  124  12:44  Protoss Ground Armor Level 1 (Chrono Boost)  
  124  12:48  Protoss Air Weapons Level 2 (Chrono Boost)  
  124  13:05  Shield Battery  
  124  13:06  Probe x2  
  124  13:07  Shield Battery  
  124  13:09  Shield Battery  
  124  13:11  Shield Battery  
  126  13:14  Shield Battery  
  126  13:19  Charge  
  132  13:26  Mothership  
  132  13:28  Templar Archives  
  132  13:39  Gateway  
  132  13:42  Gateway  
  132  13:45  Gateway  
  132  13:46  Gateway  
  132  13:49  Pylon  
  132  13:57  Carrier  
  138  14:09  Carrier  
  144  14:27  Tempest  
  144  14:28  Tempest  
  154  14:51  Warp Gate (Chrono Boost)  
  154  14:59  Nexus  
  154  15:00  Pylon  
  154  15:01  Assimilator, Pylon  
  154  15:04  Assimilator, Pylon  
  154  15:06  Pylon  
  154  15:07  Pylon  
  154  15:08  Pylon  
  154  15:11  Cybernetics Core  
  154  15:23  Carrier  
  160  15:47  Photon Cannon x2  
  160  15:53  Photon Cannon  
  160  15:55  Photon Cannon  
  160  15:57  Shield Battery x2  
  160  16:00  Photon Cannon  
  160  16:02  Shield Battery  
  160  16:06  Shield Battery, Probe  
  160  16:07  Probe  
  162  16:34  Protoss Air Armor Level 1 (Chrono Boost)  
  162  16:36  Protoss Air Weapons Level 3 (Chrono Boost)  
  162  16:40  Photon Cannon, Colossus  
  162  16:43  Photon Cannon  
  168  16:55  High Templar x4  
  176  17:03  Protoss Ground Weapons Level 1 (Chrono Boost)  
  176  17:06  Gateway, Archon x2  
  176  17:09  Gateway  
  176  17:14  Gateway  
  176  17:28  High Templar x4  
  184  17:30  Forge  
  184  17:32  Archon  
  184  17:33  Archon  
  184  17:55  Pylon  
  184  18:00  Gateway  
  184  18:10  High Templar  
  184  18:11  High Templar x6  
  198  18:15  Archon x3  
  198  18:16  Protoss Shields Level 2 (Chrono Boost)  
  198  18:30  Protoss Air Armor Level 2 (Chrono Boost)  
  198  18:42  Protoss Ground Armor Level 2 (Chrono Boost)  
  198  18:44  Photon Cannon  
  198  18:46  High Templar, Photon Cannon x2  
  200  18:48  Photon Cannon  
  200  18:52  Photon Cannon  
  200  18:53  Photon Cannon  
  200  18:55  Photon Cannon  
  200  18:58  Archon, Photon Cannon  
  200  19:00  Photon Cannon  
  200  19:02  Photon Cannon  
  182  19:35  Nexus  
  182  19:36  Carrier (Chrono Boost)  
  182  19:38  Pylon  
  164  19:40  Pylon  
  164  19:41  Pylon  
  164  19:43  Carrier (Chrono Boost)  
  93  20:07  Carrier x4 (Chrono Boost)  
  93  20:11  High Templar x4  
  101  20:16  Archon  
  101  20:17  Archon  
  101  20:36  High Templar x2  
  105  20:45  Archon  
  101  20:50  Pylon x2  
  101  21:01  Tempest  
  84  21:36  Tempest  
  84  21:37  Tempest x2  
  80  21:59  Tempest  
  84  22:01  Zealot  
  84  22:02  Zealot x6  
  98  22:12  Tempest  
  103  22:25  Stalker x3  
  98  23:05  Tempest x2  
  98  23:12  Zealot x4  
  100  23:20  Nexus  
  100  23:24  Photon Cannon  
  100  23:25  Photon Cannon  
  91  23:27  Photon Cannon  
  91  23:29  Photon Cannon  
  91  23:31  Photon Cannon  
  81  23:47  High Templar x3  
  83  23:49  Zealot  
  85  23:59  Archon  
  80  24:13  Stalker  
  67  24:37  Photon Cannon  
  67  24:39  Photon Cannon  
  63  24:51  High Templar x2  
  67  24:57  Archon  
  67  25:05  Nexus  
  64  25:23  Zealot x4  
  57  25:51  Zealot x4  
  57  26:14  Stalker x2  
  57  26:15  Stalker x2  
  57  26:22  Tempest  
  60  26:31  Assimilator  
  60  26:38  Assimilator  
  60  26:42  Pylon  
  60  26:43  Pylon  
  56  27:04  Zealot x4  
  64  27:18  Photon Cannon x2  
  64  27:19  Photon Cannon  
  64  27:24  Tempest  
  69  27:31  Stalker  
  69  27:51  Tempest  
  65  28:19  Nexus  
  63  28:29  Stalker x2  
  41  28:56  Stalker x2  
  41  28:58  Stalker  
Tags
 
Matchup
PvZ
Opening
Pool First
Replay Pack
Multiplayer
Spawn Locations
Cross Positions
Add a new tag
Caveats
  • Supply blocks, unpowered buildings, or Contaminate may cause inaccurate times.
  • Supply counts are checked every 10 seconds.